Map: Arctic Dream LE

Players

rodeo

  • Race: Zerg Zerg
  • League: Diamond
  • Spawn Location: 12:00

RedArmy

  • Race: Protoss Protoss
  • Spawn Location: 11:00

qqq - Winner!

  • Race: Zerg Zerg
  • Spawn Location: 5:00

Massa - Winner!

  • Race: Terran Terran
  • League: Platinum
  • Spawn Location: 6:00

VOD

Have the link to the VOD?

Description

Time

  • Played on: Nov. 3, 2020, 2:57 p.m.
  • Length: 4:38
Show
View Real Time Build Order
Export as new Build Order

rodeo Zerg 

Build Orders: Hatch First 

Get SALT Encoding   

  12  0:00  Drone  
  13  0:10  Drone  
  14  0:18  Overlord  
  14  0:22  Extractor  
  14  0:23  Extractor  
  14  0:25  Drone  
  13  0:30  Drone  
  16  0:36  Drone  
  17  0:44  Drone  
  18  0:55  Drone  
  19  1:06  Drone  
  19  1:08  Hatchery  
  19  1:13  Extractor  
  18  1:19  Spawning Pool  
  18  1:24  Drone  
  18  1:27  Drone  
  19  1:39  Drone  
  20  1:50  Drone  
  21  1:59  Drone  
  22  2:07  Hatchery  
  21  2:14  Zergling x2  
  22  2:19  Queen  
  22  2:20  Overlord  
  24  2:23  Drone  
  24  2:33  Zergling x4  
  26  2:43  Overlord x2  
  26  2:46  Metabolic Boost  
  26  2:52  Drone  
  26  2:53  Zergling x2  
  28  3:07  Zergling x4  
  29  3:18  Zergling x4  
  27  3:26  Zergling x4  
  22  3:27  Zergling x2  
  22  3:31  Zergling x2  
  22  3:38  Zergling x2  
Show
View Real Time Build Order
Export as new Build Order

RedArmy Protoss 

Build Orders: 1 Gate Expand 

Get SALT Encoding   

  12  0:00  Probe  
  13  0:13  Probe  
  14  0:19  Pylon  
  14  0:25  Probe (Chrono Boost)  
  15  0:39  Probe (Chrono Boost)  
  15  0:42  Gateway  
  16  0:44  Probe (Chrono Boost)  
  16  0:47  Assimilator  
  17  0:53  Probe  
  18  1:06  Probe (Chrono Boost)  
  19  1:18  Probe (Chrono Boost)  
  20  1:22  Probe (Chrono Boost)  
  21  1:30  Nexus  
  21  1:43  Cybernetics Core  
  21  1:53  Probe, Pylon  
  22  1:56  Assimilator  
  22  2:08  Forge  
  22  2:13  Probe (Chrono Boost)  
  23  2:25  Probe (Chrono Boost)  
  24  2:33  Probe (Chrono Boost)  
  25  2:39  Probe  
  26  2:44  Twilight Council  
  26  2:45  Probe  
  26  2:48  Robotics Facility  
  27  2:51  Probe  
  27  2:52  Photon Cannon  
  28  2:58  Stalker  
  30  3:16  Gateway  
  30  3:17  Gateway  
  30  3:31  Gateway  
  30  3:36  Warp Prism  
  32  3:43  Gateway  
  32  3:49  Gateway  
  32  3:53  Gateway  
  32  4:01  Gateway  
  32  4:05  Probe x2  
  32  4:09  Pylon  
  32  4:15  Pylon  
  32  4:17  Probe  
Show
View Real Time Build Order
Export as new Build Order

qqq Zerg - Winner!

Build Orders: Hatch First 

Get SALT Encoding   

  12  0:00  Drone  
  13  0:08  Drone  
  14  0:34  Hatchery  
  13  0:39  Drone  
  14  0:55  Spawning Pool  
  13  1:01  Overlord  
  13  1:06  Drone  
  14  1:13  Extractor  
  14  1:15  Drone  
  14  1:23  Drone x2  
  16  1:42  Queen  
  16  1:44  Zergling x2  
  16  1:46  Zergling x2  
  20  1:47  Zergling x2  
  21  1:56  Zergling x2  
  21  1:57  Zergling x2  
  23  2:06  Zergling x2  
  24  2:15  Zergling x2  
  25  2:17  Zergling x2  
  25  2:19  Overlord  
  26  2:34  Zergling x2  
  27  2:37  Queen, Overlord  
  27  2:39  Zergling x2  
  30  2:46  Metabolic Boost  
  30  2:51  Zergling x2  
  31  2:55  Zergling x2  
  32  3:14  Zergling x6  
  32  3:24  Zergling x8  
  34  3:37  Zergling x2  
  34  3:38  Zergling x2  
  36  3:47  Zergling x2  
  36  3:48  Zergling x2  
  36  4:07  Zergling x4  
  36  4:08  Zergling x4  
Show
View Real Time Build Order
Export as new Build Order

Massa Terran - Winner!

Build Orders: Reaper Expand 

Get SALT Encoding   

  12  0:00  SCV  
  13  0:12  SCV  
  14  0:21  Supply Depot  
  14  0:24  SCV  
  15  0:39  Refinery  
  15  0:43  SCV  
  15  0:46  Barracks  
  16  0:57  SCV  
  17  1:09  SCV  
  18  1:21  SCV  
  19  1:36  Orbital Command  
  19  1:38  Reaper  
  20  1:54  Command Center  
  20  1:59  Supply Depot  
  20  2:02  SCV  
  21  2:10  Marine  
  22  2:30  Factory  
  22  2:34  Reaper  
  23  2:41  Command Center  
  23  2:43  SCV  
  24  3:24  SCV  
  25  3:28  Orbital Command  
  25  3:35  Starport  
  25  3:36  SCV  
  26  3:48  SCV  
  27  3:56  SCV  
  27  3:57  Orbital Command  
  27  4:00  SCV  
  29  4:04  Factory Tech Lab  
  29  4:08  Barracks Reactor, SCV  
  29  4:09  Barracks  
  30  4:12  SCV  
  30  4:13  Barracks  
  30  4:15  Engineering Bay  
  31  4:21  SCV  
Tags
 
Add a new tag
Caveats
  • Supply blocks, unpowered buildings, or Contaminate may cause inaccurate times.
  • Supply counts are checked every 10 seconds.